Map: Acropolis LE

Players

goblin - Winner!

  • Race: Protoss Protoss
  • Spawn Location: 11:00

GunGFuBanDa

  • Race: Protoss Protoss
  • Spawn Location: 5:00

Event: 2019 WCS Summer

VOD

Have the link to the VOD?

Description

Time

  • Played on: July 12, 2019, 7:05 a.m.
  • Length: 10:19

All games in this series

Show
View Real Time Build Order
Export as new Build Order

goblin Protoss - Winner!

Build Orders: Oracle Opening, Zealot Archon 

Get SALT Encoding   

  12  0:00  Probe  
  13  0:12  Probe  
  14  0:18  Pylon  
  14  0:24  Probe  
  15  0:32  Probe  
  15  0:37  Gateway  
  15  0:40  Probe  
  16  0:45  Assimilator  
  17  0:51  Probe  
  17  0:54  Assimilator  
  18  0:59  Probe  
  19  1:07  Probe  
  19  1:08  Gateway  
  19  1:17  Probe  
  20  1:25  Cybernetics Core  
  21  1:29  Probe  
  22  1:36  Pylon  
  22  1:41  Probe  
  23  2:02  Stargate  
  23  2:04  Adept x2  
  23  2:06  Warp Gate  
  27  2:14  Pylon  
  27  2:27  Probe  
  28  2:34  Adept  
  28  2:35  Adept  
  28  2:36  Oracle  
  35  3:04  Oracle  
  35  3:07  Nexus  
  35  3:19  Probe  
  39  3:23  Pylon  
  39  3:34  Twilight Council  
  40  3:41  Probe  
  40  3:49  Forge  
  40  3:53  Probe  
  41  4:05  Probe  
  42  4:12  Blink  
  40  4:17  Probe  
  40  4:19  Probe  
  38  4:28  Probe  
  38  4:29  Probe  
  38  4:30  Stalker x2  
  42  4:36  Probe  
  42  4:41  Probe  
  42  4:42  Protoss Ground Weapons Level 1  
  42  4:45  Probe  
  45  4:54  Probe  
  45  4:56  Pylon  
  46  5:00  Probe, Gateway x2  
  46  5:06  Probe  
  48  5:12  Probe  
  49  5:18  Probe  
  49  5:19  Stalker  
  49  5:20  Stalker  
  54  5:22  Pylon  
  54  5:26  Assimilator  
  54  5:28  Assimilator  
  54  5:34  Probe  
  55  5:42  Probe  
  56  5:46  Probe  
  57  5:54  Probe  
  57  5:56  Pylon  
  58  6:00  Templar Archives, Gateway  
  58  6:03  Gateway  
  58  6:04  Stalker x3, Pylon  
  64  6:13  Charge  
  64  6:21  Protoss Ground Weapons Level 2  
  64  6:23  Stalker  
  66  6:27  Probe x2  
  68  6:34  Stalker  
  68  6:35  Stalker  
  68  6:38  Gateway  
  68  6:39  Gateway  
  72  6:47  Phoenix  
  72  6:53  Pylon  
  74  7:11  Zealot x2  
  74  7:12  Nexus  
  74  7:15  Pylon  
  78  7:22  Zealot x2, High Templar x2  
  84  7:43  Robotics Facility  
  84  7:44  Zealot x3, Archon  
  88  7:45  Pylon  
  88  7:46  Probe x2  
  92  8:01  Zealot x2  
  92  8:02  Stalker  
  98  8:06  Probe x2  
  98  8:23  Warp Prism  
  98  8:24  Probe x3  
  98  8:25  Stalker x5  
  113  8:36  Probe  
  113  8:38  Pylon  
  113  8:40  Pylon  
  114  8:47  High Templar  
  114  8:48  High Templar  
  118  8:59  High Templar  
  118  9:00  Zealot x3  
  126  9:08  Archon  
  126  9:12  High Templar  
  126  9:13  Zealot  
  130  9:18  Archon, Gateway  
  130  9:19  Pylon  
  130  9:22  Gateway  
  130  9:27  Zealot  
  130  9:28  Zealot x4  
  140  9:40  High Templar  
  140  9:41  High Templar  
  140  9:44  Assimilator, Probe x2  
  140  9:45  Probe, Pylon  
  147  9:47  Assimilator  
  147  9:48  Archon  
  147  9:51  Stalker x2, Zealot x3  
  157  9:56  Pylon  
  157  10:03  Probe  
  157  10:06  Zealot  
  144  10:11  Zealot  
  144  10:12  Zealot x2  
Show
View Real Time Build Order
Export as new Build Order

GunGFuBanDa Protoss 

Build Orders: Zealot Archon 

Get SALT Encoding   

  12  0:00  Probe  
  13  0:12  Probe  
  14  0:17  Pylon  
  14  0:24  Probe  
  15  0:32  Probe  
  15  0:36  Gateway  
  15  0:41  Probe  
  15  0:42  Assimilator  
  17  0:51  Assimilator  
  17  0:53  Probe  
  18  1:01  Probe  
  18  1:07  Gateway  
  18  1:09  Probe  
  20  1:20  Probe  
  20  1:23  Cybernetics Core  
  21  1:32  Probe  
  22  1:34  Pylon  
  22  1:44  Probe  
  23  1:56  Probe  
  24  2:04  Stalker x2, Warp Gate  
  28  2:08  Probe  
  28  2:14  Pylon  
  29  2:35  Stalker, Sentry  
  33  2:47  Nexus  
  33  2:54  Shield Battery  
  33  2:57  Probe  
  34  3:05  Probe  
  34  3:11  Forge  
  35  3:15  Probe  
  35  3:17  Pylon  
  36  3:27  Probe  
  37  3:35  Probe  
  37  3:37  Shield Battery  
  38  3:41  Shield Battery  
  38  3:43  Protoss Ground Weapons Level 1  
  39  3:53  Stalker  
  41  3:58  Stalker  
  42  4:07  Probe  
  43  4:14  Probe  
  43  4:15  Probe  
  37  4:23  Probe  
  36  4:25  Adept x2  
  36  4:26  Probe  
  42  4:33  Twilight Council  
  42  4:35  Probe  
  43  4:39  Probe  
  44  4:47  Probe  
  44  4:51  Probe  
  44  4:52  Sentry  
  48  4:55  Pylon  
  48  4:59  Probe x2  
  49  5:00  Stalker  
  52  5:07  Probe  
  52  5:11  Probe  
  52  5:14  Charge  
  54  5:18  Probe  
  55  5:23  Probe  
  56  5:31  Probe  
  56  5:34  Protoss Ground Weapons Level 2  
  57  5:35  Probe  
  57  5:36  Templar Archives  
  56  5:43  Probe  
  56  5:48  Probe  
  56  5:54  Assimilator  
  56  5:55  Probe  
  56  5:56  Assimilator  
  56  6:00  Probe  
  56  6:02  Robotics Facility  
  57  6:07  Probe  
  57  6:11  Gateway x2  
  58  6:16  Probe  
  59  6:19  Probe  
  60  6:26  Gateway  
  60  6:27  Gateway  
  60  6:29  Gateway  
  60  6:33  Pylon  
  60  6:37  High Templar x2  
  60  6:38  Shield Battery  
  64  6:41  Archon  
  64  6:45  Pylon  
  64  6:52  Observer  
  63  7:05  Zealot  
  59  7:10  Zealot x2  
  59  7:12  Zealot  
  69  7:16  Immortal  
  69  7:22  High Templar x2  
  73  7:23  Probe  
  73  7:27  Archon  
  74  7:32  Zealot x3, Sentry  
  74  7:33  Zealot, Protoss Ground Weapons Level 3  
  80  7:43  Nexus  
  80  7:45  Pylon  
  80  7:54  Immortal  
  82  8:03  Probe x2  
  83  8:15  Probe  
  83  8:16  Probe  
  84  8:28  Probe x2, Shield Battery  
  84  8:29  High Templar x2  
  84  8:30  Zealot x2  
  94  8:34  Archon  
  94  8:36  Pylon  
  94  8:40  Pylon  
  94  8:42  Pylon  
  94  8:47  Pylon  
  94  8:51  Observer, Probe x2  
  94  8:53  Probe  
  92  9:01  Probe  
  93  9:03  Probe  
  93  9:04  Probe  
  93  9:06  Zealot, High Templar x2  
  100  9:11  Probe, Warp Prism  
  100  9:15  Probe  
  100  9:16  Probe, Archon  
  105  9:23  Probe  
  106  9:26  Zealot, High Templar x2, Pylon  
  106  9:27  Probe  
  106  9:28  Probe  
  106  9:30  Archon  
  114  9:32  Shield Battery  
  115  9:38  Zealot  
  115  9:39  Zealot  
  115  9:45  Shield Battery  
  118  9:47  Shield Battery  
  118  9:50  High Templar x2  
  118  9:51  Zealot  
  126  9:54  Archon  
  124  10:04  Zealot x3  
  112  10:12  Zealot x2  
Tags
 
Add a new tag
Caveats
  • Supply blocks, unpowered buildings, or Contaminate may cause inaccurate times.
  • Supply counts are checked every 10 seconds.